 Dungeon Crawl Stone Soup version 0.27-a0-909-g0721f309d1 (webtiles) character file.

Game seed: 12111183907300106594

401 EnegeticOcto the Magician (level 6, 0/40 HPs)
             Began as a Djinni Earth Elementalist on Apr 8, 2021.
             Was an Initiate of Cheibriados.
             Slain by Pikel
             ... wielding a +0 whip of flaming
              (8 damage)
             ... on level 6 of the Dungeon.
             The game lasted 00:07:02 (1066 turns).

EnegeticOcto the Magician (DjEE)                    Turns: 1066, Time: 00:07:02

Health: 0/40       AC:  3    Str:  8    XL:     6   Next: 85%
Gold:   58         EV: 13    Int: 20    God:    Cheibriados [......] SH:  0 Dex: 20

rFire    + + .     SeeInvis .   (no weapon)
rCold    x . .     Faith    .   (no shield)
rNeg     . . .     Spirit   .   c - +0 robe
rPois    ∞         Reflect  .   (no helmet)
rElec    .         Harm     .   m - +0 cloak {rCorr}
rCorr    +         Rampage  .   (no gloves)
Will     .....                  (boots unavailable)
Stlth    ++........             e - amulet of the acrobat
HPRegen  0.13/turn              k - +6 ring of dexterity
MPRegen  0.00/turn              (no ring)

@: flying, very slow
A: fire resistance 2, cold vulnerability 1, float, innate caster, hp casting,
extra vitality 1
a: Renounce Religion, Bend Time


You were on level 6 of the Dungeon.
You worshipped Cheibriados.
Cheibriados was noncommittal.
You visited 2 branches of the dungeon, and saw 7 of its levels.

You collected 58 gold pieces.

Inventory:

Missiles
 b - 76 stones
Armour
 c - a +0 robe (worn)
 m - a +0 cloak of preservation (worn)
   (You found it on level 5 of the Dungeon)
Jewellery
 e - an amulet of the acrobat (around neck)
   (You found it on level 2 of the Dungeon)
 k - a +6 ring of dexterity (left hand)
   (You found it on level 4 of the Dungeon)
Scrolls
 a - 2 scrolls of teleportation {unknown}
 f - a scroll of enchant weapon {unknown}
 h - a scroll of fog {unknown}
 i - a scroll of summoning {unknown}
 l - a scroll of silence {unknown}
 n - a scroll of fear {unknown}
 p - a scroll of identify {unknown}
Potions
 d - a potion of magic {unknown}
 g - a potion of heal wounds {unknown}
 j - 2 potions of curing {unknown}
 o - a potion of haste {unknown}


   Skills:
 - Level 2.1 Dodging
 - Level 1.5 Stealth
 + Level 6.3 Spellcasting


You couldn't memorise any spells.
You knew the following spells:

 Your Spells              Type           Power      Damage    Failure   Level
a - Sandblast             Erth           62%        2d14      1%          1
b - Stone Arrow           Conj/Erth      62%        3d10      2%          3
c - Petrify               Tmut/Erth      31%        N/A       8%          4
d - Lee's Rapid Deconstr  Erth           15%        3d11*     21%         5
e - Freeze                Ice            100%       1d11      1%          1
f - Ensorcelled Hibernat  Hex/Ice        62%        N/A       1%          2
p - Passwall              Tmut/Erth      25%        N/A       1%          2
Your spell library was empty.

Dungeon Overview and Level Annotations

Branches:
Dungeon (6/15)             Temple (1/1) D:6

Altars:
Ashenzari
Cheibriados
Elyvilon
Fedhas
Hepliaklqana
Kikubaaqudgha
Nemelex Xobeh
Qazlal
Ru
Sif Muna
Trog
Vehumet
Yredelemnul
Zin

Annotations:
D:6 Pikel


Innate Abilities, Weirdness & Mutations

You are immune to poison.
Your flesh is very heat resistant. (rF++)
You are vulnerable to cold. (rC-)
You float through the air rather than walking.
You learn spells naturally, not from books.
Your magical power is your life essence.
You have superior vitality. (+4 HP)


Message History

You kill the orc!
Cheibriados appreciates the change of pace.
You see here a +0 hand axe.
Found a scroll labelled ETEXICZEMET.
p - a scroll labelled ETEXICZEMET
Found a scroll labelled YNTUDGHIRUL.
a - 2 scrolls labelled YNTUDGHIRUL (gained 1)
Found 5 bolts.
A scorpion comes into view.
You see here 5 bolts.
Casting: Sandblast (safe; 1% risk of failure)
Confirm with . or Enter, or press ? or * to list all spells.
Aiming: Stone Arrow (dangerous; 2% risk of failure)
Press: ? - help, Shift-Dir - straight line, f - scorpion
Aim: a scorpion (26% to evade)
The stone arrow hits the scorpion!
The scorpion is severely wounded.
Casting: Stone Arrow (dangerous; 2% risk of failure)
Confirm with . or Enter, or press ? or * to list all spells.
Aiming: Sandblast (safe; 1% risk of failure)
Press: ? - help, Shift-Dir - straight line, f/p - scorpion
Aim: a scorpion (severely wounded, 18% to evade)
The blast of sand hits the scorpion.
You kill the scorpion!
Cheibriados appreciates the change of pace.
You see here a scorpion corpse.
A lemure comes into view.
The lemure shouts!
You hear a shout!
A lemure comes into view.
Found 8 gold pieces.
Found a stone staircase leading down.
A lemure comes into view.
The lemure moves out of view.
Found a scale mail.
Pikel the Slaver comes into view.
He is wielding a +0 whip of flaming.
Casting: Sandblast (safe; 1% risk of failure)
Confirm with . or Enter, or press ? or * to list all spells.
Aiming: Sandblast (safe; 1% risk of failure)
Press: ? - help, Shift-Dir - straight line, f - lemure
Aim: a lemure (23% to evade)
The blast of sand hits the lemure!
The lemure is moderately wounded.
Pikel shouts!
The lemure hits you.
Casting: Sandblast (safe; 1% risk of failure)
Confirm with . or Enter, or press ? or * to list all spells.
Aiming: Sandblast (safe; 1% risk of failure)
Press: ? - help, Shift-Dir - straight line, f/p - lemure
Aim: a lemure (moderately wounded, 23% to evade)
The blast of sand hits the lemure but does no damage.
The lemure is moderately wounded.
The lemure shouts!
The lemure closely misses you.
A lemure comes into view.
The lemure misses you.
You see here a scorpion corpse.
Pikel says, "You'll feel the lick of my whip!"
The lemure completely misses you. The lemure closely misses you.
The lemure completely misses you.
Casting: Sandblast (safe; 1% risk of failure)
Confirm with . or Enter, or press ? or * to list all spells.
Aiming: Sandblast (safe; 1% risk of failure)
Press: ? - help, Shift-Dir - straight line, f - Pikel
Aim: Pikel, wielding a +0 whip of flaming and wearing a +0 robe (23% to evade)
The blast of sand hits Pikel!
Pikel is lightly wounded.
Casting: Sandblast (safe; 1% risk of failure)
Confirm with . or Enter, or press ? or * to list all spells.
Aiming: Stone Arrow (dangerous; 2% risk of failure)
Press: ? - help, Shift-Dir - straight line, f/p - Pikel
Aim: Pikel, wielding a +0 whip of flaming and wearing a +0 robe (lightly wounded, 33% to evade)
The stone arrow misses Pikel.
Casting: Stone Arrow (dangerous; 2% risk of failure)
Confirm with . or Enter, or press ? or * to list all spells.
Aiming: Stone Arrow (dangerous; 2% risk of failure)
Press: ? - help, Shift-Dir - straight line, f/p - Pikel
Aim: Pikel, wielding a +0 whip of flaming and wearing a +0 robe (lightly wounded, 33% to evade)
The stone arrow misses Pikel.
The stone arrow hits the lemure!
The lemure is heavily wounded.
Pikel hits you with a +0 whip of flaming!
Pikel burns you.
Casting: Stone Arrow (dangerous; 2% risk of failure)
Confirm with . or Enter, or press ? or * to list all spells.
Aiming: Stone Arrow (dangerous; 2% risk of failure)
Press: ? - help, Shift-Dir - straight line, f/p - Pikel
Aim: Pikel, wielding a +0 whip of flaming and wearing a +0 robe (lightly wounded, 33% to evade)
The stone arrow hits Pikel!
Pikel is heavily wounded.
Pikel hits you with a +0 whip of flaming.
* * * LOW HITPOINT WARNING * * *
Casting: Stone Arrow (dangerous; 2% risk of failure)
Confirm with . or Enter, or press ? or * to list all spells.
Aiming: Stone Arrow (dangerous; 2% risk of failure)
Press: ? - help, Shift-Dir - straight line, f/p - Pikel
Aim: Pikel, wielding a +0 whip of flaming and wearing a +0 robe (heavily wounded, 33% to evade)
The stone arrow hits Pikel!!
Pikel is almost dead.
* * * LOW HITPOINT WARNING * * *
Pikel hits you with a +0 whip of flaming!
You die...

#.# #.# #.#†.# #.#
#.# #.#5.# #.# #.#
#.#..# #.#
#.####.#(5.# #.#
#.# ..###..#
#.#####.##.#.#5#.#
#..........##5##.#
#######.#####K##.#
#.# #@##.#
#.#####.##.#
#..........#
##.######### #.#
######### #.#
......†.# #.#
#######.# #.#
####.# #.#


You could see Pikel and 2 lemures.

Vanquished Creatures
  An ice beast (D:5)
  2 necrophages (D:6)
  A scorpion (D:6)
  Natasha (D:4)
  An orc wizard (D:4)
  2 worms (D:2)
  3 orcs
  3 endoplasms
  2 goblins (D:4)
  A hobgoblin (D:4)
  4 jackals (D:4)
  A kobold (D:4)
  A quokka (D:4)
  A ball python (D:2)
  2 bats
  A frilled lizard (D:2)
  A rat (D:2)
28 creatures vanquished.

Notes
Turn   | Place    | Note
-------+----------+-------------------------------------------
     0 | D:1      | EnegeticOcto the Djinni Earth Elementalist began the quest
                  | for the Orb.
     0 | D:1      | Reached XP level 1. HP: 15/15 MP: 0/0
   234 | D:2      | Reached skill level 3 in Spellcasting
   375 | D:2      | Reached XP level 2. HP: 17/21 MP: 0/0
   389 | D:2      | You are sucked into a shaft and drop 2 floors!
   554 | D:4      | Reached XP level 3. HP: 12/25 MP: 0/0
   554 | D:4      | Learned a level 1 spell: Freeze
   560 | D:4      | Reached skill level 4 in Spellcasting
   685 | D:5      | Entered Level 5 of the Dungeon
   692 | D:4      | Noticed Natasha
   697 | D:4      | Killed Natasha
   698 | D:4      | Reached XP level 4. HP: 13/31 MP: 0/0
   752 | D:5      | Noticed an ice beast
   756 | D:5      | Killed an ice beast
   757 | D:5      | Reached skill level 5 in Spellcasting
   757 | D:5      | Reached XP level 5. HP: 13/35 MP: 0/0
   757 | D:5      | Learned a level 2 spell: Ensorcelled Hibernation
   777 | D:6      | Found a staircase to the Ecumenical Temple.
   779 | D:6      | Noticed a necrophage
   786 | D:6      | Killed a necrophage
   787 | D:6      | Reached XP level 6. HP: 14/40 MP: 0/0
   794 | Temple   | Entered the Ecumenical Temple
   918 | Temple   | Became a worshipper of Cheibriados the Contemplative
   952 | D:6      | Noticed a necrophage
   955 | D:6      | Killed a necrophage
   956 | D:6      | Reached skill level 6 in Spellcasting
  1046 | D:6      | Noticed Pikel
  1066 | D:6      | Slain by Pikel

Illustrated notes

Levels and vault maps discovered:
D:1:      saegor_arrival_simple_b, layout_loops_ring
D:2:      layout_basic, minmay_distorted
D:3:      layout_loops_ring
D:4:      layout_loops_corners, uniq_natasha, uniq_edmund
D:5:      layout_loops_ring, nicolae_uskayaw_en_pointe,
          overflow_temple_1_default, okawaru_metal_pillars_3,
          nicolae_overflow_crystal_walls, general_overflow_altar,
          ebering_ghost_disaster_area, chequers_serial_rivers_large_a,
          kennysheep_another_room, minivault_4, kennysheep_dice
D:6:      layout_loops_ring, marbit_many_paths, minmay_temple_entry_slanted,
          uniq_pikel
Temple:   dpeg_chambers_temple

Skill      XL: |  1  2  3  4  5  6 |
---------------+-------------------+-----
Spellcasting   | 3 4 5 6 |  6.3
Dodging        | |  2.1
Stealth        | |  1.5

Action                   |  1- 3 |  4- 6 || total
-------------------------+-------+-------++-------
 Cast: Sandblast         |    35 |    14 ||    49
       Stone Arrow       |       |     7 ||     7
Armor: Robe              |     2 |       ||     2
Dodge: Dodged            |    14 |     6 ||    20

Table legend: (Time is in decaauts)
 A = Elapsed time spent in this place.
 B = Non-inter-level travel time spent in this place.
 C = Inter-level travel time spent in this place.
 D = Time resting spent in this place.
 E = Time spent auto-exploring this place.
 F = Levels seen in this place.
 G = Mean time per level.
                   A        B        C        D        E       F      G
               +--------+--------+--------+--------+--------+-----+--------+
         Total |   1107 |   1078 |     29 |      0 |      0 |   7 |  158.1 |
       Dungeon |    956 |    927 |     29 |      0 |      0 |   6 |  159.3 |
        Temple |    150 |    150 |      0 |      0 |      0 |   1 |  150.0 |
               +--------+--------+--------+--------+--------+-----+--------+

Top non-repeatable levels by time:
     D:4: 313 daAuts
     D:2: 307 daAuts
     D:6: 184 daAuts
  Temple: 150 daAuts
     D:1: 55 daAuts
     D:5: 48 daAuts
     D:3: 47 daAuts
